 Dungeon Crawl Stone Soup version bcrawl-1.36.3 (webtiles) character file.

Game seed: 16571779706978399107

259817 KristoblXynda the Slasher (level 7, 0/62 HPs)
             Began as a White Draconian Gladiator on June 6, 2022.
             Was a Follower of Yredelemnul.
             Slain by a hound zombie (3 damage)
             ... in an ossuary.
             The game lasted 00:04:55 (3606 turns).

KristoblXynda the Slasher (DrGl)                    Turns: 3606, Time: 00:04:56

Health: 0/62       AC:  8    Str: 17    XL:     7   Next: 77%
Magic:  7/7        EV: 14    Int: 10    God:    Yredelemnul [*.....]
Gold:   248        SH:  1    Dex: 12    Spells: 6/6 levels left

rFire    . . .     SeeInvis .   a - +0 long sword
rCold    + . .     Gourm    .   (no shield)
rNeg     . . .     Faith    .   (armour unavailable)
rPois    .         Spirit   .   b - +1 hat
rElec    .         Reflect  .   i - +0 cloak
rCorr    .                      (no gloves)
MR       .....                  (no boots)
Stlth    +.........             (no amulet)
HPRegen  0.20/turn              (no ring)
MPRegen  0.10/turn              (no ring)

@: berserk cooldown, slowed, very slow
A: breathe frost, unfitting armour, cold resistance 1, cold-blooded, AC +6
a: Breathe Frost, Renounce Religion


You were in an ossuary.
You worshipped Yredelemnul.
Yredelemnul was aware of your devotion.
You were hungry.

You visited 2 branches of the dungeon, and saw 6 of its levels.
You also visited: Ossuary.

You collected 248 gold pieces.

Inventory:

Hand Weapons
 a - a +0 long sword (weapon)
Missiles
 c - 3 throwing nets (quivered) {=f}
Armour
 b - a +1 hat (worn)
 i - a +0 cloak (worn)
Scrolls
 f - 3 scrolls of remove curse
 j - 4 scrolls of teleportation
 l - a scroll of fear {unknown}
 m - a scroll of enchant armour {unknown}
 p - 2 scrolls of immolation {unknown}
 q - a scroll of fog {unknown}
Potions
 d - a potion of might {unknown}
 g - a potion of magic
 k - a potion of resistance {unknown}
 n - 2 potions of berserk rage
 o - a potion of mutation {unknown}
 r - a potion of agility {unknown}
 s - a potion of curing
Comestibles
 e - 6 rations {!d}
 h - a chunk of flesh


   Skills:
 + Level 5.8 Fighting
 * Level 6.9 Long Blades
 - Level 2.0 Throwing
 + Level 4.8 Dodging


You had 6 spell levels left.
You didn't know any spells.
Your spell library contained the following spells:

 Spells                   Type           Power        Failure   Level  Hunger
 Bolt of Magma            Conj/Fire/Erth #.........   100%        5    #######
 Iron Shot                Conj/Erth      #.........   100%        6    #######
 Statue Form              Tmut/Erth      #........    100%        6    #######
 Shatter                  Erth           #.........   100%        9    #######


Dungeon Overview and Level Annotations

Branches:
Dungeon (5/12)             Temple (1/1) D:4

Altars:
Ashenzari
Cheibriados
Dithmenos
Elyvilon
Fedhas
Gozag
Hepliaklqana
Kikubaaqudgha
Lugonu
Makhleb
Nemelex Xobeh
Okawaru
Qazlal
Ru
Sif Muna
Trog
Uskayaw
Vehumet
Wu Jian
Xom
Yredelemnul
The Shining One

Annotations:
D:5 1 transporter, Morbidden's ghost, novice VSAc


Innate Abilities, Weirdness & Mutations

You can breathe waves of freezing cold.
You can buffet flying creatures when you breathe cold.
Your icy white scales are hard. (AC +6)
You cannot fit into any form of body armour.
Your flesh is cold resistant. (rC+)
You are cold-blooded and may be slowed by cold attacks.


Message History

You are no longer berserk.
You pass out from exhaustion.
You feel yourself slow down. The hound zombie bites you.
* * * LOW HITPOINT WARNING * * *
The goblin zombie hits you but does no damage.
The kobold zombie hits you but does no damage.
The hound zombie bites you but does no damage.
The orc zombie hits you but does no damage.
The big kobold zombie hits you.
* * * LOW HITPOINT WARNING * * *
The hound zombie bites you but does no damage.
The goblin zombie hits you but does no damage.
The kobold zombie hits you but does no damage.
The kobold zombie hits you.
* * * LOW HITPOINT WARNING * * *
The orc zombie hits you but does no damage.
You can move again.
The hound zombie bites you.
You die...
Your body rises from the dead as a mindless zombie.

................
#...............
#...............
................
................
................
......ZZZ.......
........Z∩......
......Z@Z.......
................
................
#...............
#...............
................
................
......#####....


You could see a hound zombie, a goblin zombie, 2 kobold zombies, a big kobold
zombie and an orc zombie.

Vanquished Creatures
  Sigmund (D:2)
  Menkaure (D:4)
  A sky beast (D:5)
  An ogre (D:4)
  Blork the orc (D:5)
  A human zombie (Ossuary)
  A bullfrog skeleton (D:5)
  Jessica (D:2)
  An iguana (D:5)
  A worker ant (D:4)
  Robin (D:4)
  4 gnolls (D:3)
  A howler monkey skeleton (D:4)
  4 adders
  A shadow imp (D:5)
  2 adder zombies (Ossuary)
  2 adder skeletons
  3 worms
  4 dart slugs
  2 leopard geckos (D:3)
  6 orcs (D:3)
  9 giant cockroaches
  A gnoll zombie (Ossuary)
  11 goblins
  11 hobgoblins
  11 jackals
  6 kobolds
  6 quokkas
  6 bats
  4 frilled lizards
  A jackal zombie (Ossuary)
  An orc zombie (Ossuary)
  6 rats
113 creatures vanquished.

Vanquished Creatures (collateral kills)
  A jackal (D:3)
1 creature vanquished.

Vanquished Creatures (others)
  A worm zombie (D:3)
  A hobgoblin (D:2)
  A kobold (D:2)
  A jackal skeleton (D:3)
4 creatures vanquished.

Grand Total: 118 creatures vanquished

Notes
Turn   | Place    | Note
-------+----------+-------------------------------------------
     0 | D:1      | KristoblXynda the Draconian Gladiator began the quest for
                  | the Orb.
     0 | D:1      | Reached XP level 1. HP: 19/19 MP: 1/1
   106 | D:1      | Reached XP level 2. HP: 26/26 MP: 2/2
   297 | D:1      | Reached XP level 3. HP: 29/33 MP: 3/3
   614 | D:2      | Noticed Jessica
   629 | D:2      | Killed Jessica
   630 | D:2      | Reached skill level 4 in Long Blades
   630 | D:2      | Reached XP level 4. HP: 29/40 MP: 4/4
   812 | D:2      | Found a glowing golden altar of the Shining One.
   822 | D:2      | Noticed an angel
   853 | D:2      | Found a basalt altar of Yredelemnul.
   855 | D:2      | Noticed a profane servitor
   860 | D:2      | Became a worshipper of Yredelemnul the Dark
   995 | D:2      | Noticed Sigmund
  1026 | D:2      | Killed Sigmund
  1027 | D:2      | Reached skill level 5 in Long Blades
  1027 | D:2      | Reached XP level 5. HP: 47/47 MP: 5/5
  1458 | D:3      | Reached XP level 6. HP: 53/53 MP: 6/6
  1705 | D:3      | Reached * piety under Yredelemnul
  2223 | D:4      | Noticed Menkaure
  2233 | D:4      | Noticed Robin
  2234 | D:4      | Killed Menkaure
  2235 | D:4      | Reached skill level 5 in Fighting
  2269 | D:4      | Killed Robin
  2483 | D:4      | Found a staircase to the Ecumenical Temple.
  2501 | Temple   | Entered the Ecumenical Temple
  2797 | D:4      | Your scales start taking on an icy white colour.
  2797 | D:4      | Reached XP level 7. HP: 42/61 MP: 7/7
  2797 | D:4      | Gained mutation: Your flesh is cold resistant. (rC+) [White
                  | Draconian growth]
  2924 | D:4      | Reached skill level 6 in Long Blades
  3396 | D:5      | Entered Level 5 of the Dungeon
  3396 | D:5      | Found a transporter.
  3400 | D:5      | Noticed Morbidden's ghost (novice VSAc)
  3400 | D:5      | Noticed Blork the orc
  3421 | D:5      | Killed Blork the orc
  3565 | D:5      | Found a sand-covered staircase.
  3576 | Ossuary  | Entered an ossuary
  3604 | Ossuary  | HP: 3/62 [big kobold zombie (1)]
  3606 | Ossuary  | Slain by a hound zombie

Skill      XL: |  1  2  3  4  5  6  7 |
---------------+----------------------+-----
Throwing       | 2 |  2.0
Dodging        | 3 4 |  4.8
Long Blades    | 4 5 6 |  6.9
Fighting       | 4 5 |  5.8

Action                   |  1- 3 |  4- 6 |  7- 9 || total
-------------------------+-------+-------+-------++-------
Melee: Long sword        |    83 |   225 |    76 ||   384
       Tailslap          |    10 |    20 |    16 ||    46
Throw: Throwing net      |       |     3 |       ||     3
 Abil: Breathe Frost     |       |       |     2 ||     2
  Use: Scroll            |       |     3 |     3 ||     6
       Potion            |       |     4 |     2 ||     6
 Stab: Sleeping          |     1 |       |     2 ||     3
  Eat: Chunk             |     1 |    12 |     5 ||    18
Armor: Skin              |    31 |   171 |    37 ||   239
Dodge: Dodged            |   101 |   156 |    83 ||   340
Block: Other             |     3 |     8 |     3 ||    14
